 Dungeon Crawl Stone Soup version 0.26-a0-490-gf8362a0c98 (webtiles) character file.

Game seed: 7648591443001715276

171737 Devinter the Unseen (level 18, -1/120 HPs)
             Began as an Octopode Transmuter on Aug 3, 2020.
             Was an Initiate of Gozag.
             Slain by a spriggan rider
             ... wielding a +0 spear
              (14 damage)
             ... on level 3 of the Swamp on Aug 4, 2020.
             The game lasted 03:56:11 (30953 turns).

Devinter the Unseen (Octopode Transmuter)          Turns: 30953, Time: 03:56:13

Health: -1/120     AC:  7    Str: 34    XL:     18   Next: 2%
Magic:  39/41      EV: 21    Int: 29    God:    Gozag
Gold:   2216       SH: 14    Dex: 28    Spells: 9/37 levels left

rFire    . . .     SeeInvis .   B - +10 trident "Iffiu" {flame, +Blink Dex+4}
rCold    . . .     Faith    .   i - +0 kite shield
rNeg     . . .     Spirit   .   T - +2 hat
rPois    +         Reflect  .   D - amulet of regeneration
rElec    +         Harm     .   E - ring "Neimye" {rElec MR++ Int+6}
rCorr    .                      h - +4 ring of protection
MR       +++..                  C - +6 ring of strength
Stlth    +++++++++.             X - ring "Yplihoy" {+Inv Str+6 Int+7}
HPRegen  0.70/turn              t - +4 ring of slaying
MPRegen  0.27/turn              a - ring of Ytaon {Str+5 Dex+6}
                                r - ring of Qimet {rPois Str+3}
                                y - ring of Quifewk {MP+9 Str+3}

@: wereblooded, gold aura, studying 3 skills, drained
A: almost no armour, stealthy swim, amphibious, 8 rings, constrict 8, camouflage
1, mutation resistance 1, gelatinous body 1
a: Potion Petition, Call Merchant, Bribe Branch, Renounce Religion, Evoke Blink,
Evoke Invisibility


You were on level 3 of the Swamp.
You worshipped Gozag.
Gozag was most pleased with you.
You visited 6 branches of the dungeon, and saw 30 of its levels.
You also visited: Trove, Ossuary, Ice Cave and Volcano.

You collected 13971 gold pieces.
You spent 10299 gold pieces at shops.
You paid 1456 gold pieces to Gozag.

Inventory:

Hand Weapons
 B - the +10 trident "Iffiu" (weapon) {flame, +Blink Dex+4}
   (You found it on level 4 of the Dungeon)

   It has been specially enchanted to burn those struck by it, causing extra
   injury to most foes and up to half again as much damage against particularly
   susceptible opponents.
   It affects your dexterity (+4).
   It lets you blink.
Missiles
 n - 6 silver boomerangs
 z - 2 curare-tipped darts
 A - 13 arrows
 U - 5 silver javelins (quivered)
Armour
 i - a +0 kite shield (worn)
 T - a +2 hat (worn)
Jewellery
 a - the ring of Ytaon (on tentacle) {Str+5 Dex+6}
   (You found it on level 15 of the Dungeon)

   [ring of dexterity]

   It affects your strength (+5).
   It affects your dexterity (+6).
 h - a +4 ring of protection (right tentacle)
 r - the ring of Qimet (on tentacle) {rPois Str+3}
   (You found it in a treasure trove)

   [ring of poison resistance]

   It affects your strength (+3).
   It protects you from poison.
 t - a +4 ring of slaying (on tentacle)
 y - the ring of Quifewk (on tentacle) {MP+9 Str+3}
   (You found it in a treasure trove)

   [ring of magical power]

   It affects your strength (+3).
   It affects your magic capacity (+9).
 C - a +6 ring of strength (on tentacle)
 D - an amulet of regeneration (around mantle)
 E - the ring "Neimye" (left tentacle) {rElec MR++ Int+6}
   (You bought it in a shop on level 10 of the Dungeon)

   [ring of intelligence]

   It affects your intelligence (+6).
   It insulates you from electricity.
   It affects your resistance to hostile enchantments.
 X - the ring "Yplihoy" (on tentacle) {+Inv Str+6 Int+7}
   (You bought it in a shop on level 1 of the Lair of Beasts)

   [ring of strength]

   It affects your strength (+6).
   It affects your intelligence (+7).
   It lets you turn invisible.
Wands
 d - a wand of disintegration (7)
 e - a wand of acid (2)
 G - a wand of clouds (5)
 N - a wand of iceblast (26)
 Z - a wand of digging (7)
Scrolls
 j - 21 scrolls of remove curse
 k - 11 scrolls of blinking
 o - 19 scrolls of identify
 u - 12 scrolls of magic mapping
 x - 13 scrolls of teleportation
 H - 7 scrolls of fear
 Q - a scroll of summoning
 S - 7 scrolls of fog
Potions
 c - 7 potions of haste
 f - 5 potions of might
 g - a potion of stabbing
 m - 3 potions of resistance
 q - 2 potions of cancellation
 s - 13 potions of ambrosia
 v - a potion of mutation
 w - 3 potions of curing
 P - 2 potions of magic
 W - a potion of berserk rage
Books
 b - a manual of Stealth
 l - a manual of Earth Magic
 O - a manual of Ice Magic
 R - a manual of Ice Magic
Miscellaneous
 p - a tin of tremorstones (3/3)
 Y - a phantom mirror


   Skills:
 - Level 10.0(9.2) Fighting
 - Level 14.0(13.1) Polearms
 - Level 10.0(9.2) Dodging
 + Level 19.1(18.2) Stealth
 + Level 7.7(7.0) Shields
 - Level 3.0(2.3) Unarmed Combat
 - Level 10.0(9.2) Spellcasting
 - Level 5.0(4.3) Conjurations
 - Level 5.0(4.3) Hexes
 + Level 9.3(8.5) Summonings
 - Level 5.0(4.3) Translocations
 + Level 11.8(11.0) Transmutations
 + Level 8.6(7.8) Ice Magic
 + Level 8.6(7.8) Earth Magic


You had 9 spell levels left.
You knew the following spells:

 Your Spells              Type           Power        Failure   Level
a - Ozocubu's Armour      Ice            ######..     1%          3
b - Wereblood             Tmut           ######..     1%          2
c - Blink                 Tloc           N/A          3%          2
d - Irradiate             Conj/Tmut      ######....   14%         5
e - Summon Lightning Spi  Summ/Air       #####...     21%         4
f - Metabolic Englaciati  Hex/Ice        #####.....   26%         5
g - Statue Form           Tmut/Erth      ######...    36%         6
h - Apportation           Tloc           #####.       1%          1

Your spell library contained the following spells:

 Spells                   Type           Power        Failure   Level
 Beastly Appendage        Tmut           ######       1%          1
 Corona                   Hex            #####..      1%          1
 Freeze                   Ice            ####         1%          1
 Magic Dart               Conj           ####         1%          1
 Summon Small Mammal      Summ           ####         1%          1
 Call Imp                 Summ           ######..     1%          2
 Call Canine Familiar     Summ           ######..     1%          3
 Stone Arrow              Conj/Erth      #####.       2%          3
 Summon Guardian Golem    Hex/Summ       ######..     2%          3
 Ice Form                 Ice/Tmut       ######..     2%          4
 Slow                     Hex            #####...     3%          2
 Spider Form              Tmut/Pois      #####.....   3%          3
 Summon Ice Beast         Ice/Summ       ######..     3%          4
 Blade Hands              Tmut           ######....   3%          5
 Hailstorm                Conj/Ice       #####...     10%         4
 Animate Skeleton         Necr           ##....       12%         1
 Conjure Flame            Conj/Fire      ####....     14%         3
 Corpse Rot               Necr/Air       N/A          17%         2
 Mephitic Cloud           Conj/Pois/Air  ###.....     19%         3
 Hydra Form               Tmut           ######....   19%         6
 Summon Forest            Summ/Tloc      ######....   22%         5
 Iskenderun's Battlesphe  Conj           #####...     47%         5
 Bolt of Magma            Conj/Fire/Erth #####.....   52%         5
 Dragon Form              Tmut           ######....   71%         7
 Animate Dead             Necr           ##........   75%         4
 Iron Shot                Conj/Erth      #####.....   82%         6
 Eringya's Noxious Bog    Tmut/Pois      #####.....   88%         6
 Summon Hydra             Summ           ######....   96%         7
 Orb of Destruction       Conj           #####.....   100%        7
 Spellforged Servitor     Conj/Summ      ######....   100%        7


Dungeon Overview and Level Annotations

Branches:
Dungeon (15/15)            Temple (1/1) D:6            Lair (6/6) D:8
  Swamp (3/4) Lair:2        Snake (3/4) Lair:4        Slime (0/5) Lair:5
    Orc (2/2) D:12            Elf (0/3) Orc:2        Vaults (0/5) D:13
 Depths (0/5) D:15        Ossuary (visited)           IceCv (visited)
Volcano (visited)

Altars:
Ashenzari
Cheibriados
Dithmenos
Elyvilon
Fedhas
Gozag
Hepliaklqana
Kikubaaqudgha
Makhleb
Nemelex Xobeh
Okawaru
Qazlal
Ru
Sif Muna
Trog
Uskayaw
Vehumet
Wu Jian
Xom
Yredelemnul
Zin
The Shining One

Shops:
D:8 [??(   D:10 [(}=   Orc:2 *?[:   Lair:1 =:   Snake:1 *

Annotations:
D:6 Maggie
D:7 exclusion: ice statue
D:15 exclusion: orange crystal statue
Lair:2 exclusion: 4 oklob plants


Innate Abilities, Weirdness & Mutations

You cannot wear most types of armour.
You are very stealthy in the water. (Stealth+)
You are amphibious.
You can wear up to eight rings at the same time.
You can use your tentacles to constrict eight enemies at once.
Your skin changes colour to match your surroundings (Stealth+).
Your rubbery body absorbs attacks. (AC +1, EV +1)
You are somewhat resistant to further mutation.


Message History

Okay, then.
Casting: Wereblood (safe; 1% risk of failure)
Confirm with . or Enter, or press ? or * to list all spells.
You escape the roots' grasp.
You blink.
You lose your grip on the ghost crab.
Floosh!
The five-headed hydra roars!
You are engulfed in spectral mist.
* * * LOW HITPOINT WARNING * * *
The spectral alligator fades away!
The shambling mangrove is no longer distracted by gold.
The spriggan rider hits you but does no damage.
The spectral alligator becomes distracted by the nearby gold, dreaming of imaginary riches.
The spectral swamp drake bites you.
* * * LOW HITPOINT WARNING * * *
You puncture the ghost crab! You burn the ghost crab. You grab the ghost crab.
The ghost crab is almost destroyed.
You are engulfed in spectral mist.
You constrict the ghost crab.
The five-headed hydra becomes distracted by the nearby gold, dreaming of imaginary riches.
The spriggan rider hits you from afar with a +0 spear!
You die...
Your body crumbles into a pile of gold.

♣♣♣♣♣♣♣♣
♣♣♣≈..≈.≈♣♣ $
♣.....≈..≈♣ $
♣.≈≈≈..≈Z.♣♣♣♣
♣♣.≈≈≈.vZi§≈..♣≈
♣§≈≈≈≈Zt<$..≈≈..
♣≈≈≈≈°≈@$≈...D≈.
..≈≈≈≈≈≈≈≈≈.≈≈≈.
♣≈.≈≈≈≈≈≈≈≈..≈≈.
♣♣♣♣.≈≈≈≈≈f...≈≈
♣♣♣≈≈≈≈≈≈≈≈.♣
♣≈≈≈≈≈≈≈≈≈♣
######
♣♣♣♣♣♣.≈≈.♣
.....#....♣ ≈...
♣...##....♣♣


You could see a shambling mangrove, a five-headed hydra (unaware), a spriggan
rider, a ghost crab, 2 spectral alligators, a spectral swamp drake (summoned)
and an insubstantial wisp.

Vanquished Creatures
  Louise (Snake:3)
  Aizul (Snake:2)
  Azrael (Snake:3)
  4 fire dragons
  A yaktaur captain (D:15)
  An ice dragon (D:15)
  An ogre mage (D:15)
  4 vault guards (D:13)
  7 hydras
  Erica (D:10)
  A ghost crab (Swamp:2)
  6 naga warriors
  14 anacondas
  3 centaur warriors
  3 alligators
  8 two-headed ogres
  A hell hog (Volcano)
  4 naga sharpshooters
  8 shock serpents
  Urug (D:13)
  Sonja (D:13)
  A deep elf knight (D:12)
  A fire crab (Lair:6)
  A salamander mystic (Snake:2)
  A skeletal warrior (D:15)
  An unseen horror (D:15)
  4 swamp dragons
  7 naga ritualists
  Pikel (D:5)
  2 necromancers
  A lindwurm (Lair:6)
  3 orc knights
  An oklob plant (Lair:3)
  2 deep elf magi
  2 orc sorcerers
  11 mana vipers
  A wolf spider zombie (D:15)
  7 salamanders
  5 cyclopes
  A manticore (D:13)
  7 ugly things
  4 centaur zombies
  Joseph (D:9)
  32 black mambas
  12 elephants
  3 gargoyles
  A guardian serpent (Snake:3)
  An ice statue (IceCv)
  6 torpor snails (Lair:6)
  8 naga magi
  23 cane toads
  3 rime drakes
  2 kobold demonologists (D:13)
  10 freezing wraiths (IceCv)
  8 komodo dragons
  A tengu conjurer (D:13)
  A queen bee (Lair:1)
  10 tyrant leeches
  9 trolls
  Grinder (D:5)
  A wolf spider simulacrum (IceCv)
  14 hornets
  10 polar bears (Lair:6)
  A raiju (Lair:6)
  A blink frog (shapeshifter) (D:15)
  Prince Ribbit (D:9)
  8 bog bodies
  6 slime creatures
  20 blink frogs
  8 hippogriffs
  A vampire (D:13)
  2 shadows
  4 spriggans
  3 fire elementals (Snake:3)
  2 wraiths
  3 wyverns
  57 yaks
  3 fire bats (Volcano)
  4 humans (D:7)
  13 vampire mosquitoes
  8 basilisks
  9 wargs
  A death yak simulacrum (IceCv)
  10 swamp worms
  5 acid dragons
  17 insubstantial wisps
  25 nagas
  Edmund (D:6)
  2 soldier ants
  20 hell hounds
  15 water moccasins
  18 porcupines
  4 phantoms
  28 orc warriors
  12 ice beasts
  2 sky beasts (D:11)
  A hornet zombie (D:13)
  2 swamp drakes (Swamp:1)
  14 black bears
  3 necrophages
  An eye of draining (D:14)
  An alligator simulacrum (IceCv)
  17 wolves
  19 ogres
  21 centaurs
  18 crocodiles
  4 big kobolds
  20 bullfrogs
  5 jellies
  6 scorpions
  34 killer bees
  13 wights
  A nameless horror (Snake:2)
  4 howler monkeys
  A bullfrog zombie (D:9)
  A draconian simulacrum (IceCv)
  5 hounds
  4 bullfrog skeletons
  15 orc wizards
  A quasit (D:13)
  8 orc priests
  3 iguanas
  4 centaur skeletons
  2 spriggan simulacra (IceCv)
  8 worker ants
  4 troll simulacra (IceCv)
  A big kobold zombie (Ossuary)
  A wolf simulacrum (IceCv)
  A centaur simulacrum (IceCv)
  A hound skeleton (D:8)
  8 mummies (Ossuary)
  2 worker ant zombies
  4 gnolls (D:6)
  11 adders
  3 ogre simulacra (IceCv)
  A howler monkey skeleton (D:6)
  9 naga simulacra (IceCv)
  25 white imps
  3 ufetubi
  2 oozes
  An adder skeleton (D:5)
  An adder zombie (D:8)
  2 worms
  4 leopard geckos
  62 orcs
  7 bats
  2 giant cockroaches
  7 hobgoblins
  6 jackals (D:3)
  6 frilled lizards
  5 goblins
  2 hobgoblin zombies (Ossuary)
  10 kobolds
  2 kobold zombies (Ossuary)
  A leopard gecko zombie (D:7)
  3 orc zombies (Ossuary)
  A quokka skeleton (D:4)
  8 rats
  A bush (D:10)
  3 plants (Lair:6)
1053 creatures vanquished.

Vanquished Creatures (collateral kills)
  A yak (Lair:6)
  3 white imps (IceCv)
4 creatures vanquished.

Vanquished Creatures (others)
  An insubstantial wisp (Swamp:3)
  3 bushes (D:8)
  11 fungi
  41 plants
56 creatures vanquished.

Grand Total: 1113 creatures vanquished

Notes
Turn   | Place    | Note
-------+----------+-------------------------------------------
     0 | D:1      | Devinter the Octopode Transmuter began the quest for the
                  | Orb.
     0 | D:1      | Reached XP level 1. HP: 13/13 MP: 3/3
   416 | D:1      | Reached XP level 2. HP: 18/18 MP: 5/5
   437 | D:1      | Reached skill level 1 in Stealth
   835 | D:1      | Reached XP level 3. HP: 23/23 MP: 6/6
   839 | D:1      | Learned a level 2 spell: Wereblood
  1110 | D:2      | Reached skill level 2 in Stealth
  1509 | D:2      | Found a faded altar of an unknown god.
  1739 | D:2      | Reached XP level 4. HP: 29/29 MP: 7/7
  1745 | D:2      | Reached skill level 2 in Fighting
  2201 | D:3      | Found a blossoming altar of Fedhas.
  2353 | D:3      | Reached skill level 3 in Transmutations
  2532 | D:3      | Reached skill level 3 in Dodging
  2532 | D:3      | Reached skill level 3 in Stealth
  2532 | D:3      | Reached XP level 5. HP: 30/35 MP: 5/8
  2982 | D:4      | Noticed an ogre
  2993 | D:4      | Killed an ogre
  2993 | D:4      | Reached skill level 3 in Fighting
  2993 | D:4      | Reached skill level 4 in Stealth
  2993 | D:4      | Reached XP level 6. HP: 28/42 MP: 9/9
  3106 | D:4      | You fall into a shaft and drop 2 floors!
  3138 | D:5      | Entered Level 5 of the Dungeon
  3385 | D:4      | Got a scorched whip
  3387 | D:4      | Identified the +8 whip "Devinter's Doom" {pain, rPois Str+4
                  | SInv} (You found it on level 4 of the Dungeon)
  3393 | D:4      | Noticed a phantom
  3418 | D:4      | Killed a phantom
  3418 | D:4      | Reached skill level 4 in Transmutations
  3593 | D:4      | Reached skill level 4 in Dodging
  3593 | D:4      | Reached XP level 7. HP: 36/46 MP: 8/10
  3660 | D:4      | Found a basalt altar of Yredelemnul.
  3845 | D:4      | Reached skill level 5 in Stealth
  3956 | D:4      | Got a bloodstained trident
  3959 | D:4      | Identified the +10 trident "Iffiu" {flame, +Blink Dex+4}
                  | (You found it on level 4 of the Dungeon)
  4172 | D:5      | Noticed Pikel
  4191 | D:5      | Killed Pikel
  4191 | D:5      | Reached skill level 4 in Fighting
  4191 | D:5      | Reached skill level 2 in Polearms
  4191 | D:5      | Reached skill level 5 in Dodging
  4191 | D:5      | Reached skill level 5 in Transmutations
  4191 | D:5      | Reached XP level 8. HP: 39/54 MP: 9/11
  4343 | D:5      | Reached skill level 5 in Fighting
  4343 | D:5      | Reached skill level 3 in Polearms
  4454 | D:5      | Noticed Grinder
  4464 | D:5      | Killed Grinder
  4464 | D:5      | Reached skill level 4 in Polearms
  4490 | D:5      | Reached skill level 5 in Polearms
  5285 | D:6      | Reached skill level 6 in Polearms
  5330 | D:6      | Reached XP level 9. HP: 61/61 MP: 12/12
  5357 | D:6      | Noticed Maggie
  5381 | D:6      | Noticed Edmund
  5391 | D:6      | Killed Edmund
  5391 | D:6      | Reached skill level 7 in Polearms
  5411 | D:6      | Found a staircase to the Ecumenical Temple.
  5420 | Temple   | Entered the Ecumenical Temple
  5501 | Temple   | Became a worshipper of Gozag Ym Sagoz the Greedy
  5688 | D:6      | Reached skill level 8 in Polearms
  5898 | D:6      | Found a burning altar of Makhleb.
  5898 | D:6      | Noticed a cacodemon
  5901 | D:6      | Noticed a hellwing
  5901 | D:6      | Noticed an orange demon
  5964 | D:7      | Noticed an ice statue
  6313 | D:7      | Reached skill level 9 in Polearms
  6404 | D:7      | Reached skill level 10 in Polearms
  6448 | D:7      | Reached skill level 6 in Fighting
  6448 | D:7      | Reached XP level 10. HP: 49/68 MP: 13/13
  6881 | D:8      | Reached skill level 6 in Stealth
  6936 | D:8      | Found a sand-covered staircase.
  6941 | Ossuary  | Entered an ossuary
  7346 | D:8      | Found Deilopty's Magic Scroll Shop.
  7361 | D:8      | Reached skill level 7 in Fighting
  7367 | D:8      | Found Jynuhiv's Magic Scroll Emporium.
  7395 | D:8      | Found Anur's Antique Weapon Boutique.
  7423 | D:8      | Bought a scroll of blinking for 90 gold pieces
  7423 | D:8      | Bought a scroll of amnesia for 42 gold pieces
  7423 | D:8      | Bought a scroll of noise for 12 gold pieces
  7423 | D:8      | Bought a scroll of enchant weapon for 90 gold pieces
  7423 | D:8      | Bought a scroll of identify for 24 gold pieces
  7423 | D:8      | Bought a scroll of enchant armour for 90 gold pieces
  7423 | D:8      | Bought a scroll of identify for 24 gold pieces
  7429 | D:8      | Bought a scroll of silence for 105 gold pieces
  7429 | D:8      | Bought a scroll of teleportation for 42 gold pieces
  7429 | D:8      | Bought a scroll of random uselessness for 14 gold pieces
  7429 | D:8      | Bought a scroll of fog for 28 gold pieces
  7429 | D:8      | Bought a scroll of magic mapping for 49 gold pieces
  7429 | D:8      | Bought a scroll of fear for 49 gold pieces
  7447 | D:8      | Reached skill level 3 in Spellcasting
  7467 | D:8      | Reached skill level 7 in Stealth
  7615 | D:8      | Reached skill level 6 in Transmutations
  7635 | D:8      | Reached skill level 8 in Stealth
  7638 | D:8      | Reached skill level 4 in Spellcasting
  7645 | D:8      | Reached XP level 11. HP: 50/76 MP: 15/17
  7668 | D:8      | Found a staircase to the Lair.
  7705 | D:8      | Found Luzon's Antique Armour Boutique.
  7844 | Lair:1   | Entered Level 1 of the Lair of Beasts
  7883 | Lair:1   | Reached skill level 8 in Fighting
  8000 | Lair:1   | Reached skill level 9 in Stealth
  8084 | Lair:1   | Reached skill level 7 in Transmutations
  8098 | Lair:1   | Noticed an eight-headed hydra
  8115 | Lair:1   | Killed an eight-headed hydra
  8115 | Lair:1   | Reached skill level 5 in Spellcasting
  8471 | Lair:1   | Reached skill level 10 in Stealth
  8491 | Lair:1   | Reached skill level 9 in Fighting
  8501 | Lair:1   | Reached skill level 8 in Transmutations
  8997 | Lair:2   | Reached XP level 12. HP: 32/87 MP: 19/19
  9168 | Lair:2   | Reached skill level 9 in Transmutations
  9172 | Lair:2   | Reached skill level 10 in Fighting
  9530 | Lair:2   | Noticed a five-headed hydra
  9539 | Lair:2   | Killed a five-headed hydra
  9578 | Lair:2   | Reached skill level 10 in Transmutations
  9608 | Lair:2   | Found a staircase to the Swamp.
  9655 | Lair:2   | Reached skill level 6 in Dodging
 10257 | Lair:3   | Reached skill level 7 in Dodging
 10398 | Lair:3   | Noticed a four-headed hydra
 10409 | Lair:3   | Killed a four-headed hydra
 10409 | Lair:3   | Reached skill level 8 in Dodging
 10574 | Lair:3   | Reached skill level 9 in Dodging
 10834 | Lair:3   | Reached skill level 10 in Dodging
 10946 | Lair:3   | Reached XP level 13. HP: 92/92 MP: 20/20
 10974 | Lair:3   | Learned a level 2 spell: Blink
 10977 | Lair:3   | Learned a level 2 spell: Slow
 11245 | Lair:4   | Reached skill level 1 in Hexes
 11245 | Lair:4   | Reached skill level 1 in Translocations
 11270 | Lair:4   | Reached skill level 2 in Hexes
 11270 | Lair:4   | Reached skill level 2 in Translocations
 11294 | Lair:4   | Found a dark tunnel.
 11300 | Volcano  | Entered a volcano
 11582 | Volcano  | Noticed a fire dragon
 11597 | Volcano  | Killed a fire dragon
 11792 | Lair:4   | Reached skill level 3 in Hexes
 11792 | Lair:4   | Reached skill level 3 in Translocations
 11955 | Lair:1   | Bought the ring "Yplihoy" {+Inv Str+6 Int+7} for 1569 gold
                  | pieces
 12029 | Lair:4   | Found a staircase to the Snake Pit.
 12412 | Lair:4   | Reached skill level 11 in Polearms
 12682 | Lair:4   | Reached skill level 4 in Hexes
 12682 | Lair:4   | Reached skill level 4 in Translocations
 12697 | Lair:5   | Gained mutation: You are somewhat resistant to further
                  | mutation. [potion of mutation]
 12826 | Lair:5   | Upgraded the game from 0.26-a0-489-g112e8ad46e to
                  | 0.26-a0-490-gf8362a0c98
 13104 | Lair:5   | Found a staircase to the Slime Pits.
 13110 | Lair:5   | Reached skill level 5 in Hexes
 13110 | Lair:5   | Reached skill level 5 in Translocations
 13452 | Lair:6   | Entered Level 6 of the Lair of Beasts
 13495 | Lair:5   | Reached skill level 12 in Polearms
 13692 | Lair:6   | Reached XP level 14. HP: 88/99 MP: 18/22
 13713 | Lair:6   | Reached skill level 6 in Spellcasting
 14023 | Lair:6   | Reached skill level 13 in Polearms
 14035 | Lair:6   | Reached skill level 7 in Spellcasting
 14626 | Lair:6   | Found a runed translucent door.
 14702 | Lair:6   | Paralysed by a hornet for 2 turns
 14714 | Lair:6   | Paralysed by a hornet for 1 turns
 14892 | Lair:6   | Reached skill level 8 in Spellcasting
 14938 | Lair:6   | HP: 8/99 [torpor snail (15)]
 15131 | Lair:6   | Paralysed by a hornet for 3 turns
 15133 | Lair:6   | HP: 5/99 [hornet (16)]
 15525 | Lair:1   | Bought a cursed amulet of inaccuracy for 36 gold pieces
 15551 | Lair:1   | Bought a manual of Stealth for 1766 gold pieces
 15557 | Lair:1   | Learned a level 4 spell: Summon Lightning Spire
 15579 | D:9      | Noticed Prince Ribbit
 15587 | D:9      | Killed Prince Ribbit
 15844 | D:9      | Noticed Joseph
 15854 | D:9      | Killed Joseph
 16137 | D:10     | Entered Level 10 of the Dungeon
 16166 | D:10     | Found Sesijewk's Antique Weapon Emporium.
 16382 | D:10     | You fall into a shaft and drop 2 floors!
 16389 | D:12     | Reached skill level 1 in Summonings
 16466 | D:11     | Found a portal to a secret trove of treasure.
 16499 | D:11     | You paid a toll of 3 potions of resistance to enter a
                  | treasure trove
 16500 | Trove    | Entered a treasure trove
 16521 | Trove    | Got a steaming tin ring
 16523 | Trove    | Got a coiled silver ring
 16545 | D:11     | Identified the ring of Qimet {rPois Str+3} (You found it in
                  | a treasure trove)
 16546 | D:11     | Identified the ring of Quifewk {MP+9 Str+3} (You found it
                  | in a treasure trove)
 16595 | D:11     | Reached skill level 11 in Stealth
 16595 | D:11     | Reached skill level 2 in Summonings
 16924 | D:11     | Reached XP level 15. HP: 101/103 MP: 27/27
 16986 | D:11     | Reached skill level 14 in Polearms
 17233 | D:10     | Noticed Erica
 17246 | D:10     | Killed Erica
 17304 | D:10     | Reached skill level 9 in Spellcasting
 17412 | D:10     | Found Xugainih's Armour Shoppe.
 17505 | D:10     | Found Lanidd's Gadget Shop.
 17511 | D:10     | Bought a phantom mirror for 420 gold pieces
 17541 | D:10     | Found Paurom's Jewellery Boutique.
 17786 | D:12     | Reached skill level 3 in Summonings
 17858 | D:12     | Reached skill level 12 in Stealth
 17992 | D:12     | Found a staircase to the Orcish Mines.
 18366 | D:12     | Reached skill level 4 in Summonings
 18678 | D:13     | Noticed Urug
 18687 | D:13     | Reached skill level 13 in Stealth
 18706 | D:13     | Killed Urug
 19248 | D:13     | Found a gate to the Vaults.
 19269 | D:13     | Reached skill level 5 in Summonings
 19274 | D:13     | Reached skill level 14 in Stealth
 19465 | D:13     | Reached skill level 10 in Spellcasting
 19581 | D:13     | Noticed Sonja
 19599 | D:13     | Killed Sonja
 19599 | D:13     | Reached skill level 1 in Shields
 19616 | D:13     | Got a scorched graven amulet
 19618 | D:13     | Identified the amulet of Neijil {Spirit rPois rF- Int+2}
                  | (You found it on level 13 of the Dungeon)
 19885 | D:10     | Bought a +4 ring of slaying for 1014 gold pieces
 20104 | Orc:1    | Entered Level 1 of the Orcish Mines
 20331 | Orc:1    | Reached skill level 2 in Shields
 20648 | Orc:2    | Entered Level 2 of the Orcish Mines
 20774 | Orc:2    | Reached skill level 6 in Summonings
 20783 | Orc:2    | Reached skill level 15 in Stealth
 20847 | Orc:2    | Paralysed by an orc sorcerer for 5 turns
 21283 | Orc:2    | Reached skill level 3 in Shields
 21345 | Orc:2    | Found a staircase to the Elven Halls.
 21920 | Orc:2    | Found Ulual's Armour Shoppe.
 21920 | Orc:2    | Found Peock's Magic Scroll Shop.
 21920 | Orc:2    | Found Zeaguom's General Store.
 21923 | Orc:2    | Found Kees's Book Emporium.
 21931 | Orc:2    | Bought a scroll of teleportation for 45 gold pieces
 21931 | Orc:2    | Bought a scroll of identify for 30 gold pieces
 21931 | Orc:2    | Bought a scroll of identify for 30 gold pieces
 21931 | Orc:2    | Bought a scroll of enchant weapon for 112 gold pieces
 21931 | Orc:2    | Bought 2 scrolls of identify for 60 gold pieces
 21933 | Orc:2    | Bought a potion of curing for 42 gold pieces
 21933 | Orc:2    | Bought a scroll of identify for 28 gold pieces
 21933 | Orc:2    | Bought 3 scrolls of magic mapping for 147 gold pieces
 21933 | Orc:2    | Bought a scroll of identify for 28 gold pieces
 21938 | Orc:2    | Bought a book of Transfigurations for 935 gold pieces
 21945 | Orc:2    | Learned a level 5 spell: Irradiate
 21952 | Orc:2    | Learned a level 6 spell: Statue Form
 22562 | D:14     | Reached skill level 1 in Conjurations
 22566 | D:14     | Reached skill level 4 in Shields
 22628 | D:15     | Entered Level 15 of the Dungeon
 22640 | D:15     | Found a staircase to the Depths.
 22651 | D:15     | Reached skill level 1 in Earth Magic
 22768 | D:15     | Reached XP level 16. HP: 70/109 MP: 30/30
 23055 | D:15     | Found a frozen archway.
 23075 | D:15     | Reached skill level 2 in Conjurations
 23106 | IceCv    | Entered an ice cave
 23205 | IceCv    | Reached skill level 2 in Earth Magic
 23290 | IceCv    | Reached skill level 16 in Stealth
 23500 | IceCv    | Found an ancient bone altar of Kikubaaqudgha.
 23705 | D:15     | Learned a level 1 spell: Apportation
 23705 | D:15     | Identified the Handbook of Transmigration
 23992 | D:15     | Reached skill level 7 in Summonings
 23999 | D:15     | Reached skill level 1 in Ice Magic
 24139 | D:15     | Reached skill level 2 in Ice Magic
 24141 | D:15     | Reached skill level 5 in Shields
 24141 | D:15     | Reached skill level 3 in Conjurations
 24420 | D:15     | Reached skill level 3 in Earth Magic
 24592 | D:15     | Reached skill level 3 in Ice Magic
 24697 | D:15     | Got a sparkling golden ring
 24701 | D:15     | Identified the ring of Ytaon {Str+5 Dex+6} (You found it on
                  | level 15 of the Dungeon)
 24879 | Lair:1   | Bought Yrapeucs's Reference Book on Freezing Black Arts for
                  | 892 gold pieces
 24884 | Lair:1   | Learned a level 3 spell: Ozocubu's Armour
 24890 | Lair:1   | Learned a level 5 spell: Metabolic Englaciation
 24978 | Snake:1  | Entered Level 1 of the Snake Pit
 25126 | Snake:1  | Found Ysonit's General Store.
 25509 | Snake:1  | Reached skill level 4 in Ice Magic
 25528 | Snake:1  | Bought a manual of Earth Magic for 1435 gold pieces
 25923 | Snake:2  | Reached skill level 4 in Conjurations
 25923 | Snake:2  | Reached skill level 4 in Earth Magic
 26036 | Snake:2  | HP: 3/109 [shock serpent/bolt of electricity (21)]
 26041 | Snake:2  | Reached skill level 17 in Stealth
 26069 | Snake:2  | HP: 4/109 [naga warrior/+0 short sword (23)]
 26069 | Snake:2  | HP: 1/109 [naga warrior/+0 short sword (3)]
 26297 | Snake:2  | Noticed Aizul
 26312 | Snake:2  | Killed Aizul
 26312 | Snake:2  | Reached skill level 5 in Ice Magic
 26326 | Snake:2  | Reached skill level 6 in Shields
 26671 | Snake:2  | Reached skill level 5 in Earth Magic
 26676 | Snake:2  | Reached skill level 8 in Summonings
 26770 | Snake:2  | Reached XP level 17. HP: 115/115 MP: 31/31
 27165 | Snake:2  | Reached skill level 11 in Transmutations
 27477 | Snake:3  | Noticed Louise
 27492 | Snake:3  | Killed Louise
 27654 | Snake:3  | Reached skill level 6 in Ice Magic
 27728 | Snake:3  | Reached skill level 5 in Conjurations
 27737 | Snake:3  | Reached skill level 6 in Earth Magic
 27844 | Snake:3  | Reached skill level 18 in Stealth
 28131 | Snake:3  | Reached skill level 7 in Ice Magic
 28183 | Snake:3  | Reached skill level 7 in Earth Magic
 28197 | Snake:3  | Reached skill level 7 in Shields
 28581 | Snake:3  | Noticed Azrael
 28597 | Snake:3  | Killed Azrael
 28913 | Swamp:1  | Entered Level 1 of the Swamp
 28963 | Swamp:1  | Reached skill level 9 in Summonings
 29063 | Swamp:1  | Reached skill level 8 in Earth Magic
 29065 | Swamp:1  | Reached skill level 8 in Ice Magic
 29456 | D:10     | Bought the ring "Neimye" {rElec MR++ Int+6} for 1051 gold
                  | pieces
 30070 | Swamp:2  | Reached skill level 19 in Stealth
 30512 | Swamp:2  | Reached XP level 18. HP: 111/120 MP: 32/32
 30952 | Swamp:3  | HP: 12/120 [spectral swamp drake[a ghost crab] (4)]
 30953 | Swamp:3  | Slain by a spriggan rider

Illustrated notes

Levels and vault maps discovered:
D:1:      tarquinn_simple_flora_water_e, layout_loops_corners
D:2:      layout_loops_ring, chequers_ecumenical_altar_simple
D:3:      layout_basic, fedhas_altar_fruit_tree
D:4:      layout_loops_ring, yredelemnul_altar_generic,
          kennysheep_generic_room_10
D:5:      layout_gridville, uniq_grinder, uniq_pikel
D:6:      layout_rooms, temple_hall, makhleb_altar_promises_db, uniq_maggie,
          uniq_edmund
D:7:      lemuel_ice_statue, layout_basic, minmay_ruffians
D:8:      layout_basic, minmay_lair_entry_grove, serial_shops, shop,
          nicolae_shop_behind_doors, nicolae_shop_trees, shop,
          nicolae_ossuary_entry_false_entrances
D:9:      layout_loops_ring, uniq_joseph, uniq_prince_ribbit1
D:10:     layout_loops_ring, serial_shops, nicolae_shop_stone, shop,
          shop_fountains, nicolae_shop_statue_plus, kb_lookout_dungeons_type,
          uniq_erica
D:11:     layout_loops_ring, nicolae_trove_entry_crossroad
D:12:     layout_roguey, david_orc_1_choice
D:13:     layout_rooms, lightli_vaults_fourway_checkpoint, grunt_ministairs_6,
          minmay_hollow_rounded_squares, uniq_sonja, uniq_urug
D:14:     layout_roguey, minmay_misc_feat_hallway
D:15:     grunt_enter_depths_hoard, layout_loops_corners,
          grunt_decor_one_mirror, portal_ice_cave_entry_imps,
          minmay_fountain_box, minivault_16, minivault_15, minivault_12
Temple:   dpeg_three_leaves_temple
Lair:1:   layout_roguey, special_room [special_room_bee]
Lair:2:   layout_regular_city, minmay_swamp_entry_wisps,
          minmay_lair_oklob_chamber
Lair:3:   layout_small_grid, st_stairs_8, beast_lair_carwin_11,
          lemuel_fruit_fields
Lair:4:   layout_regular_city, guppyfry_snake_entry_garden, enter_volcano_4,
          grunt_megastairs_4
Lair:5:   layout_regular_city, minmay_slime_entry_pillars,
          infiniplex_staircase_pool_2, lemuel_fruit_tree
Lair:6:   hangedman_lair_caniforms_friends, layout_misc_corridors, wormcave,
          chequers_serial_rivers_micro_a
Swamp:1:  layout_basic_swamp, evilmike_swamp_ruin_house_4
Swamp:2:  layout_falls_marsh, hangedman_swamp_ruin_wall,
          infiniplex_staircase_pool
Swamp:3:  gammafunk_mikee_crab_dinner, layout_basic_swamp,
          evilmike_swamp_ruin_wall
Snake:1:  layout_honeycomb, serial_shops,
          nicolae_shop_competitors_out_of_business
Snake:2:  layout_onion, uniq_aizul
Snake:3:  layout_basic, drop_trap, uniq_azrael, uniq_louise
Orc:1:    layout_caves, guppyfry_library_mini
Orc:2:    st_orc_rangers, layout_diamond_mine

Skill      XL: |  1  2  3  4  5  6  7  8  9 10 11 12 13 14 15 16 17 |
---------------+----------------------------------------------------+-----
Stealth        | 1 2 3 4 5 8 10 11 15 17 19 | 19.1
Fighting       | 2 3 4 5 6 7 9 10 | 10.0
Transmutations | 3 4 5 6 8 10 11 | 11.8
Dodging        | 3 4 5 10 | 10.0
Polearms       | 2 6 10 12 13 14 | 14.0
Spellcasting   | 4 5 8 10 | 10.0
Hexes          | 5 |  5.0
Translocations | 5 |  5.0
Summonings     | 2 6 8 9 |  9.3
Shields        | 4 6 7 |  7.7
Conjurations   | 1 4 5 |  5.0
Earth Magic    | 1 5 8 |  8.6
Ice Magic      | 5 8 |  8.6
Unarmed Combat | |  3.0

Action                   |  1- 3 |  4- 6 |  7- 9 | 10-12 | 13-15 | 16-18 || total
-------------------------+-------+-------+-------+-------+-------+-------++-------
Melee: Unarmed           |    11 |       |       |       |       |       ||    11
       Dagger            |    63 |     8 |       |       |       |       ||    71
       Constrict         |    22 |    24 |    28 |    67 |   133 |    84 ||   358
       Kick              |     4 |     4 |     4 |     4 |       |       ||    16
       Tentacles         |     6 |    14 |    24 |   103 |   341 |   177 ||   665
       Punch             |     1 |       |       |     9 |    47 |    19 ||    76
       Short sword       |       |    74 |       |       |       |       ||    74
       Whip              |       |    11 |    10 |       |       |       ||    21
       Trident           |       |       |   129 |   423 |  1148 |   713 ||  2413
Throw: Dart              |       |     6 |     4 |    19 |       |       ||    29
       Javelin           |       |       |       |     6 |     9 |    13 ||    28
 Cast: Beastly Appendage |     5 |     2 |     4 |     3 |     1 |       ||    15
       Wereblood         |     1 |     5 |    10 |    24 |    44 |    25 ||   109
       Slow              |       |       |       |       |    18 |       ||    18
       Blink             |       |       |       |       |    26 |     5 ||    31
       Summon Lightning  |       |       |       |       |       |     5 ||     5
       Apportation       |       |       |       |       |       |     4 ||     4
       Ozocubu's Armour  |       |       |       |       |       |     3 ||     3
       Irradiate         |       |       |       |       |       |     2 ||     2
Invok: Potion Petition   |       |       |       |     1 |       |       ||     1
       Call Merchant     |       |       |       |     1 |     1 |       ||     2
Evoke: Wand              |       |     1 |     1 |    17 |    15 |     2 ||    36
       Box of beasts     |       |       |       |       |     2 |     1 ||     3
  Use: Scroll            |       |     1 |     2 |    12 |    13 |     9 ||    37
       Potion            |       |       |       |     3 |    16 |     7 ||    26
 Stab: Sleeping          |    12 |     6 |    12 |    16 |    62 |    45 ||   153
       Distracted        |       |       |     1 |    12 |    27 |    16 ||    56
       Paralysed         |       |       |       |     5 |       |       ||     5
Armor: Skin              |    13 |    26 |     7 |    20 |    80 |    20 ||   166
Dodge: Dodged            |    51 |    56 |    64 |   169 |   596 |   203 ||  1139
Block: Buckler           |       |       |       |       |    34 |    30 ||    64
       Kite shield       |       |       |       |       |       |   169 ||   169

Table legend: (Time is in decaauts)
 A = Elapsed time spent in this place.
 B = Non-inter-level travel time spent in this place.
 C = Inter-level travel time spent in this place.
 D = Time resting spent in this place.
 E = Time spent auto-exploring this place.
 F = Levels seen in this place.
 G = Mean time per level.
                   A        B        C        D        E       F      G
               +--------+--------+--------+--------+--------+-----+--------+
         Total |  30249 |  27922 |   2327 |   4076 |   6704 |  34 |  889.7 |
       Dungeon |  14228 |  12916 |   1312 |   1554 |   3575 |  15 |  948.5 |
        Temple |     90 |     90 |      0 |      0 |      0 |   1 |   90.0 |
          Lair |   7456 |   6758 |    698 |   1164 |   1252 |   6 | 1242.7 |
         Swamp |   1747 |   1664 |     83 |    310 |    532 |   3 |  582.3 |
     Snake Pit |   3777 |   3635 |    142 |    714 |   1015 |   3 | 1259.0 |
  Orcish Mines |   1874 |   1784 |     90 |    151 |    330 |   2 |  937.0 |
         Trove |     42 |     42 |      0 |      0 |      0 |   1 |   42.0 |
       Ossuary |    200 |    200 |      0 |      0 |      0 |   1 |  200.0 |
      Ice Cave |    514 |    514 |      0 |     49 |      0 |   1 |  514.0 |
       Volcano |    316 |    316 |      0 |    133 |      0 |   1 |  316.0 |
               +--------+--------+--------+--------+--------+-----+--------+

Top non-repeatable levels by time:
  Lair:6: 1746 daAuts
  Lair:1: 1465 daAuts
    D:15: 1463 daAuts
 Snake:2: 1440 daAuts
 Snake:3: 1389 daAuts
  Lair:2: 1335 daAuts
     D:5: 1193 daAuts
   Orc:2: 1182 daAuts
     D:4: 1147 daAuts
  Lair:4: 1098 daAuts
     D:1: 1068 daAuts
  Lair:3: 1039 daAuts
    D:13: 1037 daAuts
     D:2: 1001 daAuts
    D:10: 970 daAuts
